 Dungeon Crawl Stone Soup version 0.18.1-8-gdd0e5ea (webtiles) character file.

86095 Scarto the Fighter (level 15, -9/117 HPs)
             Began as a Demonspawn Fighter on May 23, 2016.
             Was a High Priest of Makhleb.
             Killed by divine providence
             ... invoked by an orc priest
              (16 damage)
             ... on level 1 of the Orcish Mines.
             The game lasted 01:05:36 (26816 turns).

Scarto the Fighter (Demonspawn Fighter)            Turns: 26816, Time: 01:05:37

Health: -9/117     AC: 26    Str: 21    XL:     15   Next: 39%
Magic:  23/23      EV:  8    Int: 13    God:    Makhleb [*****.]
Gold:   2385       SH: 18    Dex: 15    Spells: 0 memorised, 14 levels left

rFire  . . .     SeeInvis .     w - +6 war axe "Grim" {drain, rPois rC+}
rCold  + + .     Gourm    .     c - +6 plate armour
rNeg   + . .     Faith    .     i - +0 large shield
rPois  +         Spirit   .     a - +2 hat {MR+}
rElec  .         Dismiss  .     (no cloak)
rCorr  .         Reflect  .     (no gloves)
SustAt .         Harm     .     (no boots)
MR     ++...                    C - amulet of rage
Stlth  ..........               z - +4 ring of dexterity
                                s - +3 ring of slaying

@: studying Invocations, very resistant to hostile enchantments, extremely
unstealthy
A: antennae 2, talons 1, rugged brown scales 3, clever 1, clumsy 1, cold
resistance 1, frail 1, negative energy resistance 1, wild magic 1, no device
heal 1, rot immunity, MP-powered wands
a: Minor Destruction, Lesser Servant of Makhleb, Major Destruction, Greater
Servant of Makhleb, Renounce Religion, Evoke Berserk Rage


You were on level 1 of the Orcish Mines.
You worshipped Makhleb.
Makhleb was extremely pleased with you.
You were very hungry.

You visited 3 branches of the dungeon, and saw 24 of its levels.
You also visited: Sewer and Ossuary.

You collected 2385 gold pieces.

Inventory:

Hand Weapons
 w - the +6 war axe "Grim" (weapon) {drain, rPois rC+}
   (You found it on level 14 of the Dungeon)

   A truly terrible weapon, it drains the life of those it strikes.
   It protects you from cold.
   It protects you from poison.
 A - the +7 long sword of Vengeance {slice, +Inv rElec rF+ rN+}
   (You found it on level 5 of the Dungeon)

   It inflicts extra damage upon your enemies.
   It protects you from fire.
   It insulates you from electricity.
   It protects you from negative energy.
   It lets you turn invisible.
 E - a +9 flail
 U - the +6 hand axe of Wyrd {antimagic, rC+ Dex+4}
   (You found it on level 5 of the Lair of Beasts)

   It disrupts the flow of magical energy around spellcasters and certain
   magical creatures (including the wielder).
   It affects your dexterity (+4).
   It protects you from cold.
Missiles
 h - 4 tomahawks of dispersal (quivered)
 v - 59 bolts
Armour
 a - a +2 hat of magic resistance (worn)
 c - a +6 plate armour (worn)
 i - a +0 large shield (worn)
 O - an ice dragon hide
Jewellery
 s - a +3 ring of slaying (left hand)
 z - a +4 ring of dexterity (right hand)
 C - an amulet of rage (around neck)
Wands
 u - a wand of acid (6/15)
 M - a wand of teleportation (2/9)
Scrolls
 b - a scroll of identify
 d - a scroll of enchant weapon
 e - 2 scrolls of magic mapping
 g - 6 scrolls of teleportation
 j - a scroll of blinking
 k - 13 scrolls of remove curse
 m - 5 scrolls of recharging
 o - 7 scrolls of amnesia
 y - 3 scrolls of fog
 K - a scroll of fear
Potions
 f - a potion of cancellation
 l - 5 potions of haste
 n - a potion of ambrosia
 p - 9 potions of brilliance
 q - 3 potions of agility
 r - 4 potions of magic
 B - a potion of might
 D - 3 potions of curing
 J - a potion of flight
 V - 2 potions of resistance
Books
 t - a manual of Invocations
Comestibles
 x - 11 beef jerkies
 I - 13 bread rations
 L - 17 fruits


   Skills:
 + Level 12.2 Fighting
 + Level 10.5 Long Blades
 + Level 5.6(6.3) Axes
   Level 3.9(5.4) Polearms
 + Level 11.6 Armour
 + Level 8.2 Dodging
 + Level 11.9 Shields
 + Level 11.5 Invocations


You had 14 spell levels left.
You didn't know any spells.

Dungeon Overview and Level Annotations

Branches:
Dungeon (15/15)            Temple (0/1) D:7            Lair (8/8) D:9
 Shoals (0/4) Lair:3       Spider (0/4) Lair:6        Slime (0/6) Lair:6
    Orc (1/2) D:10         Vaults (0/5) D:13         Depths (0/5) D:15

Altars:
Cheibriados
Fedhas
Gozag
Makhleb
Pakellas
Xom
Yredelemnul
Beogh

Shops:
D:5 (   D:15 [

Portals:
Hell: Lair:8


Innate Abilities, Weirdness & Mutations

You have a pair of antennae on your head.
You are completely covered in rugged brown scales (AC +3, +7% HP).
Your flesh is cold resistant.
You resist negative energy.
You are immune to rotting.
You have sharp toenails.
Your mind is acute. (Int +2)
You are clumsy. (Dex -2)
You are frail (-10% HP).
Your spells are a little harder to cast, but a little more powerful.
Potions and wands are less effective at restoring your health.
You expend magic power (3 MP) to strengthen your wands.


Message History

The orcs go into a battle-frenzy!
You hit the orc warrior. You claw the orc warrior.
The orc warrior is severely wounded.
You hit the orc priest.
The orc priest is lightly wounded.
You block the orc warrior's attack. x2
The orc warrior hits you from afar with a trident!!
The orc priest hits you but does no damage.
A demon appears!
You feel somewhat more hungry. You block the orc wizard's attack.
You block the orc warrior's attack. The orc knight barely misses you.
The orc warrior hits you but does no damage.
The orc warrior hits you from afar with a glaive!!
* * * LOW HITPOINT WARNING * * *
The orc priest calls down the wrath of Beogh upon you.
Beogh smites you!
* * * LOW HITPOINT WARNING * * *
The orc priest calls down the wrath of Beogh upon you.
Beogh smites you!
You die...

#...# ####
#...# ####
.....#...#.....
.....#.).#.....
.....'...'.....
.....#.).#.....
.....#2o.#.....
.... ##.## ....
...# #@# #...
.###..ooo..###.
#...ooooo...#
#....ooo......#
#.............#
...............
......._.......
...............


You could see an orc knight, an orc high priest, 3 orc warriors, 5 orc priests,
an orc wizard, an orc and a friendly balrug.

Vanquished Creatures
  The ghost of Statics the Spear-Bearer, a journeyman FoFi of Okawaru (D:14)
  8 vault guards (D:13)
  Josephine (D:13)
  4 hydras
  2 ice dragons (D:15)
  Erolcha (D:12)
  A centaur warrior (D:15)
  A catoblepas (Lair:8)
  2 fire crabs (Lair:7)
  2 unseen horrors
  A wizard (Lair:8)
  5 hill giants
  8 ugly things
  The ghost of Zleub the Skirmisher, a novice HuFi (D:6)
  An orc knight (D:14)
  An oklob plant (Lair:6)
  2 manticores (D:11)
  A wolf spider (D:15)
  A griffon (Lair:5)
  4 cyclopes
  3 deep elf magi
  Joseph (D:7)
  An ice statue (Lair:7)
  19 elephants
  A torpor snail (Lair:4)
  7 black mambas
  An orange demon (Lair:8)
  12 spiny frogs
  2 freezing wraiths
  5 centaur skeletons
  7 komodo dragons
  6 rime drakes
  An ice devil (Lair:8)
  A redback zombie (D:15)
  3 trolls
  A tengu conjurer (D:15)
  A polar bear (Lair:7)
  7 slime creatures (D:15)
  A snapping turtle (Lair:3)
  2 two-headed ogres (D:11)
  11 blink frogs
  2 water elementals (D:14)
  Sigmund (D:4)
  36 yaks
  7 wraiths
  3 wyverns
  Eustachio (D:5)
  A shadow (D:11)
  A steam dragon (D:14)
  A hog (D:14)
  4 basilisks
  A hungry ghost (D:14)
  9 hippogriffs
  3 vampire mosquitoes (D:12)
  2 mottled dragons
  Duvessa (D:4)
  15 water moccasins
  14 orc warriors
  16 porcupines
  13 ice beasts
  6 sky beasts
  3 black bears (D:8)
  A necrophage (D:14)
  An eye of draining (D:14)
  6 phantoms
  5 wolves (Lair:4)
  2 wasps
  7 centaurs
  6 ogres
  13 crocodiles
  A big kobold (D:7)
  25 giant frogs
  Blork the orc (D:5)
  Dowan (D:4)
  A water moccasin skeleton (D:6)
  A wyvern skeleton (D:9)
  5 scorpions
  12 wights
  24 killer bees
  3 electric eels
  5 howler monkeys (D:8)
  3 centaur zombies
  2 crimson imps
  2 giant frog zombies
  A human zombie (Ossuary)
  3 quasits
  6 hounds
  6 jellies
  6 orc priests
  15 orc wizards
  A giant frog skeleton (D:13)
  11 iguanas
  2 hell rats (Lair:3)
  7 worker ants
  A killer bee zombie (D:8)
  A sheep (Lair:8)
  2 big kobold zombies (Ossuary)
  A hound skeleton (D:3)
  2 mummies (Ossuary)
  4 gnolls (D:7)
  3 worker ant zombies
  13 adders
  40 river rats
  3 shadow imps
  A white imp (Lair:7)
  5 oozes
  An adder zombie (D:5)
  An adder skeleton (D:6)
  6 worms
  12 giant geckos
  50 orcs
  4 giant cockroaches
  3 gnoll zombies (Ossuary)
  5 goblins
  6 hobgoblins
  17 jackals
  3 quokkas
  5 ball pythons
  8 bats
  3 giant gecko skeletons
  17 giant newts
  3 goblin zombies (Ossuary)
  A hobgoblin zombie (Ossuary)
  A jackal zombie (D:7)
  13 kobolds
  4 orc zombies (Ossuary)
  27 rats
  A bush (Lair:6)
  A butterfly (Lair:3)
  3 fungi
  2 plants (Lair:6)
739 creatures vanquished.

Vanquished Creatures (collateral kills)
  Rupert (Lair:4)
  Kirke (D:14)
  An orc warlord (Orc:1)
  2 hydras
  A sun demon (Lair:8)
  A hill giant (D:14)
  An orc sorcerer (D:14)
  3 slime creatures (D:14)
  A sixfirhy (Lair:8)
  5 elephants (Lair:5)
  A smoke demon (Lair:8)
  4 orange demons (Lair:8)
  2 komodo dragons
  2 red devils (Lair:8)
  An ice devil (Lair:8)
  2 hogs (D:14)
  4 yaks (Lair:8)
  A hell hound (Lair:8)
  2 water moccasins (Lair:8)
  2 porcupines (Lair:4)
  3 orc warriors (Orc:1)
  A centaur (D:14)
  A crocodile (Lair:8)
  An orc priest (Orc:1)
  An orc wizard (Orc:1)
  2 river rats (Lair:4)
  An orc (Orc:1)
48 creatures vanquished.

Vanquished Creatures (others)
  A human (D:14)
  3 bushes (D:9)
  17 fungi
  26 plants
  23 toadstools (Lair:6)
70 creatures vanquished.

Grand Total: 857 creatures vanquished

Notes
Turn   | Place    | Note
--------------------------------------------------------------
     0 | D:1      | Scarto the Demonspawn Fighter began the quest for the Orb.
     0 | D:1      | Reached XP level 1. HP: 18/18 MP: 1/1
   233 | D:1      | Gained mutation: You are partially covered in rugged brown scales (AC +1, +3% HP). [demonic ancestry]
   233 | D:1      | Reached XP level 2. HP: 15/24 MP: 2/2
   802 | D:1      | Reached XP level 3. HP: 29/29 MP: 3/3
   896 | D:2      | Found a basalt altar of Yredelemnul.
  1502 | D:2      | Gained mutation: You are mostly covered in rugged brown scales (AC +2, +5% HP). [demonic ancestry]
  1502 | D:2      | Reached XP level 4. HP: 27/36 MP: 4/4
  2017 | D:2      | Found a burning altar of Makhleb.
  2024 | D:2      | Became a worshipper of Makhleb the Destroyer
  2116 | D:3      | Gained mutation: You are completely covered in rugged brown scales (AC +3, +7% HP). [demonic ancestry]
  2116 | D:3      | Reached XP level 5. HP: 38/44 MP: 5/5
  2383 | D:3      | Found a glowing drain.
  2421 | Sewer    | Entered a sewer
  2467 | Sewer    | Reached * piety under Makhleb
  2733 | Sewer    | Reached skill level 4 in Fighting
  3474 | Sewer    | Gained mutation: Your flesh is cold resistant. [demonic ancestry]
  3474 | Sewer    | Reached XP level 6. HP: 51/51 MP: 6/6
  4208 | D:4      | Noticed Sigmund
  4229 | D:4      | Killed Sigmund
  4229 | D:4      | Reached XP level 7. HP: 52/58 MP: 7/7
  4483 | D:4      | Noticed Duvessa
  4485 | D:4      | Noticed Dowan
  4493 | D:4      | Killed Duvessa
  4493 | D:4      | Reached ** piety under Makhleb
  4510 | D:4      | Killed Dowan
  4510 | D:4      | Reached skill level 5 in Fighting
  4640 | D:4      | Reached skill level 5 in Armour
  4699 | D:4      | Found an opulent altar of Gozag.
  4794 | D:5      | Entered Level 5 of the Dungeon
  4853 | D:5      | Noticed Blork the orc
  4866 | D:5      | Killed Blork the orc
  4866 | D:5      | Reached skill level 5 in Shields
  4955 | D:5      | Found Lidd's Antique Weapon Shoppe.
  4971 | D:5      | Got a translucent long sword
  4972 | D:5      | Identified the +7 long sword of Vengeance {slice, +Inv rElec rF+ rN+} (You found it on level 5 of the Dungeon)
  5243 | D:5      | Found an oddly glowing altar of Pakellas.
  5277 | D:5      | Noticed Eustachio
  5283 | D:5      | Killed Eustachio
  5283 | D:5      | Reached skill level 1 in Long Blades
  5283 | D:5      | Reached XP level 8. HP: 67/67 MP: 8/8
  5425 | D:5      | Found a sand-covered staircase.
  5431 | Ossuary  | Entered an ossuary
  5464 | Ossuary  | Reached *** piety under Makhleb
  5780 | D:6      | Reached skill level 6 in Fighting
  5841 | D:6      | Noticed Zleub's ghost (novice HuFi)
  5856 | D:6      | Killed Zleub's ghost
  5953 | D:6      | Reached XP level 9. HP: 70/75 MP: 9/9
  6528 | D:7      | Found a staircase to the Ecumenical Temple.
  6544 | D:7      | Noticed Joseph
  6553 | D:7      | Killed Joseph
  6553 | D:7      | Reached skill level 7 in Fighting
  6604 | D:7      | Reached **** piety under Makhleb
  6860 | D:7      | Found a blossoming altar of Fedhas.
  7335 | D:8      | Reached skill level 5 in Long Blades
  7712 | D:8      | Identified a scroll of acquirement
  7745 | D:8      | Gained mutation: You have a pair of small antennae on your head. [demonic ancestry]
  7745 | D:8      | Reached XP level 10. HP: 61/85 MP: 10/10
  8270 | D:8      | Reached ***** piety under Makhleb
  8869 | D:9      | Reached skill level 8 in Fighting
  8870 | D:9      | Gained mutation: Your magical capacity is low (-10% MP). [potion of mutation]
  8870 | D:9      | Gained mutation: You are clumsy. (Dex -2) [potion of mutation]
  9564 | D:9      | Found a staircase to the Lair.
  9808 | D:9      | Reached XP level 11. HP: 93/93 MP: 9/9
 10171 | D:10     | Entered Level 10 of the Dungeon
 10183 | D:10     | Found a staircase to the Orcish Mines.
 10195 | D:10     | Noticed a red ugly thing
 10204 | D:10     | Killed a red ugly thing
 10204 | D:10     | Reached skill level 1 in Invocations
 10208 | D:10     | Gained mutation: You are robust (+10% HP). [mutagenic meat]
 10209 | D:10     | Lost mutation: You are robust (+10% HP). [mutagenic meat]
 10210 | D:10     | Gained mutation: You evolve. [mutagenic meat]
 10211 | D:10     | Gained mutation: You are weak. (Str -2) [mutagenic meat]
 10276 | D:10     | Noticed a hill giant
 10289 | D:10     | Killed a hill giant
 10289 | D:10     | Reached skill level 9 in Fighting
 10834 | D:11     | Reached skill level 1 in Dodging
 10958 | D:11     | Noticed a hill giant
 10969 | D:11     | Killed a hill giant
 11064 | D:11     | Reached ****** piety under Makhleb
 11144 | D:11     | Found a labyrinth entrance.
 11190 | D:11     | Noticed a deep elf mage
 11201 | D:11     | Killed a deep elf mage
 11288 | D:11     | Killed an unseen horror
 11800 | D:12     | Noticed Erolcha
 11812 | D:12     | Killed Erolcha
 11867 | D:12     | Noticed a red ugly thing
 11886 | D:12     | Killed a red ugly thing
 11886 | D:12     | Reached XP level 12. HP: 96/103 MP: 14/14
 11930 | D:12     | Gained mutation: Your spells are a little harder to cast, but a little more powerful. [mutagenic meat]
 11957 | D:12     | HP: 3/103 [hill giant/giant spiked club (23)]
 12308 | D:12     | Reached skill level 5 in Invocations
 12354 | D:12     | Reached skill level 10 in Fighting
 12676 | D:13     | Found a snail-covered altar of Cheibriados.
 12849 | D:13     | Noticed Josephine
 12860 | D:13     | Killed Josephine
 13179 | D:13     | Found a gate to the Vaults.
 13179 | D:13     | Noticed a vault guard
 13179 | D:13     | Noticed a vault guard
 13179 | D:13     | Noticed a vault guard
 13180 | D:13     | Noticed a vault guard
 13180 | D:13     | Noticed a vault guard
 13181 | D:13     | Noticed a vault guard
 13181 | D:13     | Noticed a vault guard
 13181 | D:13     | Noticed a vault guard
 13189 | D:13     | Killed a vault guard
 13199 | D:13     | Killed a vault guard
 13199 | D:13     | Reached skill level 10 in Shields
 13220 | D:13     | Killed a vault guard
 13220 | D:13     | Reached skill level 5 in Dodging
 13225 | D:13     | Killed a vault guard
 13225 | D:13     | Reached skill level 10 in Armour
 13243 | D:13     | Killed a vault guard
 13257 | D:13     | Killed a vault guard
 13282 | D:13     | Killed a vault guard
 13282 | D:13     | Gained mutation: You have a pair of antennae on your head. [demonic ancestry]
 13282 | D:13     | Reached XP level 13. HP: 57/111 MP: 16/16
 13295 | D:13     | Killed a vault guard
 13922 | D:14     | Noticed Statics's ghost (journeyman FoFi)
 13957 | D:14     | Killed Statics's ghost
 13967 | D:14     | Got a crude war axe
 13972 | D:14     | Identified the +6 war axe "Grim" {drain, rPois rC+} (You found it on level 14 of the Dungeon)
 14382 | D:14     | Noticed Kirke
 14390 | D:14     | Reached skill level 1 in Axes
 14403 | D:14     | Killed Kirke
 14437 | D:14     | Gained mutation: You have sharp toenails. [mutagenic meat]
 14439 | D:14     | Gained mutation: You are frail (-10% HP). [mutagenic meat]
 15224 | D:15     | Entered Level 15 of the Dungeon
 15252 | D:14     | Reached skill level 11 in Fighting
 15700 | D:14     | Gained mutation: You expend magic power (3 MP) to strengthen your wands. [mutagenic meat]
 15701 | D:14     | Gained mutation: Your mind is acute. (Int +2) [mutagenic meat]
 16503 | D:10     | Lost mutation: You are weak. (Str -2) [evolution]
 16551 | Lair:1   | Entered Level 1 of the Lair of Beasts
 18077 | Lair:3   | Found a staircase to the Shoals.
 18148 | Lair:3   | Found a shimmering altar of Xom.
 18227 | Lair:3   | Lost mutation: Your magical capacity is low (-10% MP). [evolution]
 18699 | Lair:4   | Gained mutation: You resist negative energy. [demonic ancestry]
 18699 | Lair:4   | Reached XP level 14. HP: 108/108 MP: 20/20
 18849 | Lair:4   | Noticed Rupert
 18852 | Lair:4   | Noticed a cacodemon
 18861 | Lair:4   | Gained mutation: Armour fits poorly on your strangely shaped body. [a cacodemon]
 18881 | Lair:4   | Gained mutation: Potions and wands are less effective at restoring your health. [a cacodemon]
 18980 | Lair:4   | Killed Rupert
 19793 | Lair:5   | Got an ichor-stained hand axe
 19794 | Lair:5   | Identified the +6 hand axe of Wyrd {antimagic, rC+ Dex+4} (You found it on level 5 of the Lair of Beasts)
 19996 | Lair:6   | Found a staircase to the Slime Pits.
 20297 | Lair:6   | Found a hole to the Spider Nest.
 20589 | Lair:6   | Found a blossoming altar of Fedhas.
 20988 | Lair:7   | Lost mutation: Armour fits poorly on your strangely shaped body. [evolution]
 20988 | Lair:7   | Lost mutation: You evolve. [end of evolution]
 20991 | Lair:7   | Reached skill level 10 in Invocations
 21862 | Lair:7   | Reached skill level 10 in Long Blades
 22292 | Lair:8   | Entered Level 8 of the Lair of Beasts
 23300 | Lair:8   | Reached skill level 5 in Axes
 23705 | Lair:8   | Found a burning altar of Makhleb.
 24051 | Lair:8   | Found a gateway to Hell.
 24099 | Lair:8   | Gained mutation: You are immune to rotting. [demonic ancestry]
 24099 | Lair:8   | Reached XP level 15. HP: 116/116 MP: 23/23
 24841 | Lair:8   | Reached skill level 12 in Fighting
 25468 | D:15     | Found a staircase to the Depths.
 25533 | D:15     | Found Luoma's Antique Armour Boutique.
 26144 | Orc:1    | Entered Level 1 of the Orcish Mines
 26251 | Orc:1    | Noticed an orc warlord
 26287 | Orc:1    | Killed an orc warlord
 26811 | Orc:1    | Found a roughly hewn altar of Beogh.
 26816 | Orc:1    | Killed from afar by an orc priest

Skill      XL: |  1  2  3  4  5  6  7  8  9 10 11 12 13 14 15 |
---------------+----------------------------------------------+-----
Armour         | 3 4 5 6 7 8 9 10 11 | 11.6
Shields        | 3 4 5 6 7 8 9 10 11 | 11.9
Polearms       | 2 3 |  3.9
Fighting       | 4 5 6 7 8 9 10 11 12 | 12.2
Long Blades    | 1 3 5 6 7 8 9 10 | 10.5
Invocations    | 4 7 9 10 11 | 11.5
Dodging        | 3 5 6 7 8 |  8.2
Axes           | 3 5 |  5.6

Action                   |  1- 3 |  4- 6 |  7- 9 | 10-12 | 13-15 || total
-------------------------+-------+-------+-------+-------+-------++-------
Melee: Trident           |   156 |   338 |    84 |       |       ||   578
       Long sword        |       |       |   241 |   783 |   515 ||  1539
       War axe           |       |       |       |       |   753 ||   753
       Kick              |       |       |       |       |   466 ||   466
       Flail             |       |       |       |       |    41 ||    41
Invok: Minor Destruction |       |       |     1 |     1 |     1 ||     3
       Major Destruction |       |       |       |     3 |    11 ||    14
       Greater Servant o |       |       |       |       |    16 ||    16
       Lesser Servant of |       |       |       |       |     2 ||     2
 Abil: Evoke Invisibilit |       |       |       |       |     1 ||     1
  Use: Scroll            |       |    13 |     5 |    12 |    26 ||    56
       Potion            |       |     1 |     4 |     7 |     8 ||    20
 Stab: Distracted        |       |       |       |       |     1 ||     1
       Confused          |       |       |       |       |     1 ||     1
  Eat: Bread ration      |     1 |     2 |     2 |       |     2 ||     7
       Fruit             |       |       |     4 |     1 |     4 ||     9
       Meat ration       |       |       |       |     4 |     5 ||     9
       Chunk             |       |       |       |     7 |    13 ||    20
       Pizza             |       |       |       |     1 |     2 ||     3
       Beef jerky        |       |       |       |       |     3 ||     3
Armor: Scale mail        |    77 |   150 |       |       |       ||   227
       Chain mail        |       |     9 |   172 |   142 |       ||   323
       Plate armour      |       |       |       |   264 |   886 ||  1150
Dodge: Dodged            |    48 |    99 |    79 |   103 |   403 ||   732
Block: Shield            |    67 |   176 |   217 |   101 |       ||   561
       Large shield      |       |       |       |   573 |  1490 ||  2063
